 Dungeon Crawl Stone Soup version 0.27-a0-1081-ge8a0a9c698 (webtiles) character file.

Game seed: 2617544912471511387

109 lunkers the Chiller (level 4, -3/31 HPs)
             Began as a Demonspawn Ice Elementalist on Apr 26, 2021.
             Slain by a water moccasin (8 damage)
             ... on level 3 of the Dungeon.
             The game lasted 00:02:38 (3149 turns).

lunkers the Chiller (Demonspawn Ice Elementalist)   Turns: 3149, Time: 00:02:38

Health: -3/31      AC:  2    Str:  8    XL:     4   Next: 60%
Magic:  0/8        EV: 12    Int: 17    God:
Gold:   58         SH:  0    Dex: 14    Spells: 4/8 levels left

rFire    . . .     SeeInvis .   (no weapon)
rCold    . . .     Faith    .   (no shield)
rNeg     . . .     Spirit   .   a - +0 robe
rPois    .         Reflect  .   (no helmet)
rElec    .         Harm     .   (no cloak)
rCorr    .         Rampage  .   (no gloves)
Will     .....                  (no boots)
Stlth    ++........             (no amulet)
HPRegen  0.10/turn              (no ring)
MPRegen  0.11/turn              (no ring)

@: lethally poisoned (-3 -> -18)
A: hooves 1, ignite blood 1
a: no special abilities


You were on level 3 of the Dungeon.
You visited 1 branch of the dungeon, and saw 3 of its levels.

You collected 58 gold pieces.

Inventory:

Hand Weapons
 g - a +0 dagger
Armour
 a - a +0 robe (worn)
Scrolls
 b - a scroll of enchant weapon {unknown}
 d - 4 scrolls of identify {unknown}
 e - a scroll of fear {unknown}
 f - 2 scrolls of teleportation {unknown}
 j - a scroll of summoning {unknown}
 k - a scroll of amnesia {unknown}
Potions
 c - a potion of invisibility {unknown}
 h - a potion of attraction {unknown}
 i - a potion of lignification {unknown}


   Skills:
 + Level 0.7 Fighting
 + Level 1.9 Dodging
 + Level 2.1 Stealth
 + Level 0.1 Unarmed Combat
 + Level 2.8 Spellcasting
 + Level 4.7 Ice Magic


You had 4 spell levels left.
You knew the following spells:

 Your Spells              Type           Power      Damage    Failure   Level
a - Freeze                Ice            72%        1d9       2%          1
b - Frozen Ramparts       Ice            36%        1d5       8%          3

Your spell library contained the following spells:

 Spells                   Type           Power      Damage    Failure   Level
 Ozocubu's Armour         Ice            18%        N/A       8%          3
 Hailstorm                Conj/Ice       10%        3d5       54%         4
 Metabolic Englaciation   Hex/Ice        5%         N/A       88%         5


Dungeon Overview and Level Annotations

Branches:
Dungeon (3/15)

Altars:
Trog

Annotations:
D:3 1 runed translucent door, Zeld's ghost, amateur OpCj


Innate Abilities, Weirdness & Mutations

You have large cloven feet.
Your demonic aura sometimes causes spilled blood to erupt in flames


Message History

Confirm with . or Enter, or press ? or * to list all spells.
You freeze the jackal!
You kill the jackal!
The water moccasin barely misses you.
Casting: Freeze (safe; 2% risk of failure)
Confirm with . or Enter, or press ? or * to list all spells.
You freeze the water moccasin!
The water moccasin is moderately wounded.
The water moccasin bites you.
You are poisoned.
The water moccasin poisons you!
Casting: Freeze (safe; 2% risk of failure)
Confirm with . or Enter, or press ? or * to list all spells.
You freeze the water moccasin.
The water moccasin is moderately wounded.
You feel very sick. The water moccasin barely misses you.
The water moccasin bites you.
You are lethally poisoned!
The water moccasin poisons you!
Casting: Freeze (safe; 2% risk of failure)
Confirm with . or Enter, or press ? or * to list all spells.
You freeze the water moccasin.
The water moccasin is moderately wounded.
* * * LOW MAGIC WARNING * * *
* * * LOW HITPOINT WARNING * * *
You feel very sick. The water moccasin bites you.
* * * LOW HITPOINT WARNING * * *
Casting: Freeze (safe; 2% risk of failure)
Confirm with . or Enter, or press ? or * to list all spells.
Aiming: Freeze (safe; 2% risk of failure)
Press: ? - help, Shift-Dir - straight line, f/p - water moccasin
Aim: a water moccasin (moderately wounded)
You freeze the water moccasin.
The water moccasin is heavily wounded.
* * * LOW MAGIC WARNING * * *
* * * LOW HITPOINT WARNING * * *
You feel very sick. The water moccasin bites you!
You die...

#...##...#########.###...
#...###### #.# #... #...#
#.###... #...# #...'...
##'## #####... #.# ####
#.# . ##'#########.... ##
#.......@S...... ..
#....#######.... ##
#....# . #....# ######


You could see a water moccasin.

Vanquished Creatures
  4 adders (D:2)
  2 worms (D:2)
  2 dart slugs (D:2)
  8 bats
  4 endoplasms
  3 giant cockroaches (D:1)
  7 goblins
  2 hobgoblins (D:1)
  8 jackals
  4 kobolds
  2 quokkas (D:1)
  5 ball pythons
  4 frilled lizards
  5 rats
60 creatures vanquished.

Notes
Turn   | Place    | Note
-------+----------+-------------------------------------------
     0 | D:1      | lunkers the Demonspawn Ice Elementalist began the quest for
                  | the Orb.
     0 | D:1      | Reached XP level 1. HP: 13/13 MP: 3/3
   181 | D:1      | Gained mutation: You have large cloven feet. [demonic
                  | ancestry]
   181 | D:1      | Reached XP level 2. HP: 18/19 MP: 1/5
   271 | D:1      | Reached skill level 4 in Ice Magic
   962 | D:1      | Gained mutation: Your demonic aura sometimes causes spilled
                  | blood to erupt in flames [demonic ancestry]
   962 | D:1      | Reached XP level 3. HP: 21/24 MP: 1/6
  1666 | D:2      | Found a bloodstained altar of Trog.
  1678 | D:2      | Found a faded altar of an unknown god.
  1760 | D:2      | Learned a level 3 spell: Frozen Ramparts
  2174 | D:2      | Reached XP level 4. HP: 29/31 MP: 4/7
  2943 | D:3      | Found a runed translucent door.
  2948 | D:3      | Noticed Zeld's ghost (amateur OpCj)
  3139 | D:3      | Noticed a water moccasin
  3149 | D:3      | Slain by a water moccasin

Illustrated notes

Levels and vault maps discovered:
D:1:      lightli_arrival_farm, layout_basic, minmay_misc_feat_more_columns
D:2:      layout_loops_ring, basic_altar, hellmonk_ecumenical_altar_zigzags
D:3:      layout_basic, ebering_ghost_reflecting_pool, minmay_misc_feat_x

Skill      XL: |  1  2  3 |
---------------+----------+-----
Ice Magic      | 4 |  4.7
Stealth        | 2 |  2.1
Fighting       | |  0.7
Dodging        | |  1.9
Unarmed Combat | |  0.1
Spellcasting   | |  2.8

Action                   |  1- 3 |  4- 6 || total
-------------------------+-------+-------++-------
Melee: Unarmed           |    26 |       ||    26
       Kick              |     3 |       ||     3
 Cast: Freeze            |    68 |    40 ||   108
Armor: Robe              |    17 |     5 ||    22
Dodge: Dodged            |    56 |    21 ||    77

Table legend: (Time is in decaauts)
 A = Elapsed time spent in this place.
 B = Non-inter-level travel time spent in this place.
 C = Inter-level travel time spent in this place.
 D = Time resting spent in this place.
 E = Time spent auto-exploring this place.
 F = Levels seen in this place.
 G = Mean time per level.
                   A        B        C        D        E       F      G
               +--------+--------+--------+--------+--------+-----+--------+
         Total |   3174 |   3062 |    112 |     71 |   2631 |   3 | 1058.0 |
       Dungeon |   3174 |   3062 |    112 |     71 |   2631 |   3 | 1058.0 |
               +--------+--------+--------+--------+--------+-----+--------+

Top non-repeatable levels by time:
     D:1: 1676 daAuts
     D:2: 1259 daAuts
     D:3: 237 daAuts
